 Dungeon Crawl Stone Soup version 0.30-a0-1160-g6e42c06551 (webtiles) character file.

Game seed: 9664151527650000385

95 Twinkles the Ruffian (level 4, -7/40 HPs)
             Began as an Armataur Monk on Apr 26, 2023.
             Killed from afar by Sigmund (14 damage)
             ... with a bolt of dispelling energy
             ... on level 2 of the Dungeon.
             The game lasted 00:03:57 (1720 turns).

Twinkles the Ruffian (Armataur Monk)                Turns: 1720, Time: 00:03:57

Health: -7/40      AC:  5    Str: 19    XL:     4   Next: 40%
Magic:  4/4        EV:  9    Int: 10    God:
Gold:   74         SH:  0    Dex: 12    Spells: 3/3 levels left

rFire   . .          .
                       - Unarmed
rCold   . . .        c - orb {light}
rNeg    . . .        e - +0 ring mail
rPois   .            (no helmet)
rElec   .            (no cloak)
rCorr   .            (no gloves)
SInv    .            (no barding)
Will    .....        (no amulet)
Stlth   +            (no ring)
HPRegen 0.26/turn    (no ring)
MPRegen 0.09/turn

%: roll
@: lethally poisoned (-7 -> -13), glowing
A: large, rugged brown scales 3, deformed body, armoured tail, roll, long
tongue, awkward tongue
a: no special abilities


You were on level 2 of the Dungeon.
You visited 1 branch of the dungeon, and saw 3 of its levels.

You collected 74 gold pieces.

Inventory:

Armour
 a - a +0 robe
 c - an orb of light (worn)
 e - a +0 ring mail (worn)
Scrolls
 f - a scroll of blinking {unknown}
 g - a scroll of poison {unknown}
 h - a scroll of noise {unknown}
 k - a scroll of torment {unknown}
 l - a scroll of identify {unknown}
 m - a scroll of enchant armour {unknown}
 n - a scroll of vulnerability {unknown}
Potions
 b - a potion of heal wounds {unknown}
 d - a potion of brilliance {unknown}
 i - a potion of mutation {unknown}
 j - a potion of curing {unknown}
 G - 2 potions of ambrosia


   Skills:
 + Level 3.3 Fighting
 + Level 1.3 Armour
 - Level 2.4 Dodging
 + Level 1.3 Stealth
 * Level 3.6 Unarmed Combat


You had 3 spell levels left.
You didn't know any spells.
Your spell library was empty.

Dungeon Overview and Level Annotations

Branches:
Dungeon (3/15) Zot: 16283

Altars:
Fedhas

Annotations:
D:2 Sigmund


Innate Abilities, Weirdness & Mutations

You are completely covered in rugged brown scales. (AC +3, +7% HP)
Armour fits poorly on your strangely shaped body.
You have a long armoured tail.
You roll when moving toward enemies. (Rampage)
Your long tongue fully drains potion bottles. (2x potion effects)
Your tongue gives you trouble enunciating. (1.5x scroll delay)


Message History

There is a stone staircase leading down here.
You now have 62 gold pieces (gained 11).
Found a short sword.
You see here a +0 short sword.
m - a scroll labelled UBIRAG DEBB You now have 74 gold pieces (gained 12).
Things that are here:
a +0 flail; a +0 whip; a +0 club
Things that are here:
a +0 dagger; 3 stones; a goblin skeleton You see here a +0 trident.
n - a scroll labelled SULEDU OTOPRI Done exploring.
You see here 2 poisoned darts.
You see here a +0 trident.
There is a stone staircase leading down here.
You climb downwards.
Sigmund shouts!
The orc shouts!
The ogre shouts!
The goblin shouts!
You hear a shout!
Found 15 gold pieces and a scroll labelled COMUDIAG ZAD.
There is a stone staircase leading up here.
Sigmund hits you with a +4 scythe of venom!
You are poisoned.
You climb upwards.
You feel very sick.
There is a stone staircase leading down here.
You hit Sigmund.
Sigmund is moderately wounded.
You feel very sick.
You hit Sigmund but do no damage.
Your tail-slap misses Sigmund.
Sigmund is moderately wounded.
You feel sick. Sigmund casts a spell at you. The magic dart hits you!
* * * LOW HITPOINT WARNING * * *
You hit Sigmund but do no damage.
Your tail-slap misses Sigmund.
Sigmund is moderately wounded.
* * * LOW HITPOINT WARNING * * *
You feel sick.
Sigmund zaps a wand.
The bolt of dispelling energy hits you!
You die...

#.............# #.#
#....
###....######.###.#
#.### #....# #.รท.).#
#.# #....# ###.#.# #.#
#.#.## #.#.# #.# #.#.#
#.#)## #.# #.#.# #....#
#.### #.#.#
#########.)###.#..
#.#.###@...............#
#.#.....@.......########
#.#####.#########
#.......# #########


You could see Sigmund.

Vanquished Creatures
  4 gnolls
  2 adders (D:2)
  A dart slug (D:1)
  3 bats
  3 endoplasms
  2 hobgoblins (D:1)
  2 quokkas (D:1)
  A ball python (D:1)
  3 frilled lizards
  7 goblins
  8 kobolds
  3 rats
39 creatures vanquished.

Notes
Turn   | Place    | Note
-------+----------+-------------------------------------------
     0 | D:1      | Twinkles the Armataur Monk began the quest for the Orb.
     0 | D:1      | Reached XP level 1. HP: 19/19 MP: 1/1
    64 | D:1      | HP: 5/19 [quokka (4)]
   209 | D:1      | Reached XP level 2. HP: 26/26 MP: 2/2
   574 | D:1      | Reached XP level 3. HP: 29/33 MP: 3/3
   977 | D:2      | Found a blossoming altar of Fedhas.
  1067 | D:2      | Reached skill level 1 in Armour
  1299 | D:2      | Reached skill level 1 in Stealth
  1355 | D:2      | Reached XP level 4. HP: 40/40 MP: 4/4
  1715 | D:3      | Noticed Sigmund
  1715 | D:3      | Noticed an ogre
  1719 | D:2      | HP: 8/40 [Sigmund/magic dart (8)]
  1720 | D:2      | Killed from afar by Sigmund

Illustrated notes

Levels and vault maps discovered:
D:1:      lightli_arrival_windingriver, layout_basic, reono_crystal_passage
D:2:      layout_loops_ring, basic_altar
D:3:      layout_rooms, uniq_sigmund

Skill      XL: |  1  2  3 |
---------------+----------+-----
Fighting       | 3 |  3.3
Unarmed Combat | 3 |  3.6
Armour         | 1 |  1.3
Stealth        | 1 |  1.3
Dodging        | |  2.4

Action                     |  1- 3 |  4- 6 || total
---------------------------+-------+-------++-------
  Melee: Unarmed           |   105 |    10 ||   115
         Tailslap          |    11 |       ||    11
 Armour: Robe              |    24 |       ||    24
         Ring mail         |     5 |     2 ||     7
  Dodge: Dodged            |    49 |     2 ||    51

Table legend: (Time is in decaauts)
 A = Elapsed time spent in this place.
 B = Non-inter-level travel time spent in this place.
 C = Inter-level travel time spent in this place.
 D = Time resting spent in this place.
 E = Time spent auto-exploring this place.
 F = Levels seen in this place.
 G = Mean time per level.
                   A        B        C        D        E       F      G
               +--------+--------+--------+--------+--------+-----+--------+
         Total |   1715 |   1631 |     84 |     61 |   1302 |   3 |  571.7 |
       Dungeon |   1715 |   1631 |     84 |     61 |   1302 |   3 |  571.7 |
               +--------+--------+--------+--------+--------+-----+--------+

Top non-repeatable levels by time:
     D:1: 918 daAuts
     D:2: 795 daAuts
     D:3: 1 daAuts
